 Dungeon Crawl Stone Soup version 0.23.2-33-g5129a83184 (webtiles) character file.

Game seed: 7679048057531651734

1709 Destapler the Sneak (level 8, -4/42 HPs)
             Began as a Spriggan Venom Mage on Aug 4, 2019.
             Was an Initiate of Sif Muna.
             Shot with an arrow by a centaur (10 damage)
             ... on level 7 of the Dungeon.
             The game lasted 00:53:14 (9250 turns).

Destapler the Sneak (Spriggan Venom Mage)           Turns: 9250, Time: 00:53:15

Health: -4/42      AC:  9    Str:  4      XL:     8   Next: 74%
Magic:  10/18      EV: 20    Int: 17      God:    Sif Muna [......]
Gold:   328        SH:  0    Dex: 17 (18) Spells: 11/19 levels left

rFire    . . .     SeeInvis +   a - +3 short sword (drain)
rCold    . . .     Gourm    .   (shield restricted)
rNeg     + . .     Faith    .   f - +0 robe
rPois    .         Spirit   .   (helmet restricted)
rElec    .         Reflect  .   o - +0 cloak
rCorr    .         Harm     .   (gloves unavailable)
MR       +....                  (boots unavailable)
Stlth    ++++......             (no amulet)
HPRegen  0.14/turn              t - +6 ring of protection
MPRegen  0.16/turn              y - ring of positive energy

@: marked, very slightly contaminated, very quick
A: very small, unfitting armour, see invisible, herbivore, speed 3, slow
metabolism 2
a: Renounce Religion


You were on level 7 of the Dungeon.
You worshipped Sif Muna.
Sif Muna was noncommittal.
You were near starving.

You visited 2 branches of the dungeon, and saw 8 of its levels.

You collected 328 gold pieces.

Inventory:

Hand Weapons
 a - a +3 short sword of draining (weapon)
 b - a +4 dagger
 r - a +2 vampiric short sword
Missiles
 m - 249 stones (quivered)
Armour
 f - a +0 robe (worn)
 o - a +0 cloak (worn)
Jewellery
 t - a +6 ring of protection (left hand)
 x - an uncursed ring of resist corrosion
 y - a ring of positive energy (right hand)
Wands
 s - a wand of random effects (18)
 B - a wand of acid (8)
Scrolls
 e - 3 scrolls of identify
 g - 3 scrolls of teleportation
 i - 2 scrolls of magic mapping
 j - 3 scrolls of remove curse {unknown}
 k - 4 scrolls of fear
 l - a scroll of random uselessness {unknown}
 n - 4 scrolls of noise {unknown}
 q - 3 scrolls of amnesia {unknown}
 v - a scroll of enchant weapon
 A - a scroll of immolation {unknown}
 C - a scroll of fog {unknown}
 D - a scroll of acquirement {unknown}
 E - a scroll of enchant armour {unknown}
 F - a scroll of blinking {unknown}
Potions
 d - a potion of curing
 h - a potion of might
 p - a potion of heal wounds
 u - a potion of flight {unknown}
 w - a potion of mutation
 z - 3 potions of brilliance
Comestibles
 c - 8 rations


   Skills:
 - Level 4.0 Fighting
 + Level 3.0 Short Blades
 + Level 4.6 Dodging
 + Level 6.9 Stealth
 + Level 6.3 Spellcasting
 - Level 2.0 Conjurations
 + Level 1.9 Air Magic
 - Level 5.3 Poison Magic
 * Level 4.2 Evocations


You had 11 spell levels left.
You knew the following spells:

 Your Spells              Type           Power        Failure   Level  Hunger
a - Sting                 Conj/Pois      ###.         2%          1    None
b - Mephitic Cloud        Conj/Pois/Air  ###.....     11%         3    ##.....
c - Olgreb's Toxic Radia  Pois           ###.....     14%         4    ####...

Your spell library contained the following spells:

 Spells                   Type           Power        Failure   Level  Hunger
 Poisonous Vapours        Pois/Air       ###...       4%          2    None
 Venom Bolt               Conj/Pois      ###.......   61%         5    #####..


Dungeon Overview and Level Annotations

Branches:
Dungeon (7/15)             Temple (1/1) D:6

Altars:
Ashenzari
Cheibriados
Dithmenos
Elyvilon
Fedhas
Gozag
Hepliaklqana
Kikubaaqudgha
Makhleb
Nemelex Xobeh
Okawaru
Qazlal
Ru
Sif Muna
Trog
Uskayaw
Vehumet
Wu Jian
Xom
Yredelemnul
Zin
The Shining One


Innate Abilities, Weirdness & Mutations

You are very small and have problems with some larger weapons.
You are too small for most types of armour.
You have supernaturally acute eyesight. (SInv)
You are a herbivore.
You cover ground extremely quickly.
You need to consume almost no food.


Message History

A hound skeleton comes into view.
The centaur is poisoned.
The gnoll looks even sicker.
The centaur unwields a +0 trident of venom.
It stops dripping with poison.
The centaur wields a +0 shortbow.
The centaur shoots an arrow.
The arrow barely misses you.
You see here an arrow.
The centaur looks even sicker.
The gnoll looks even sicker.
The orc looks even sicker.
The centaur looks even sicker.
You kill the orc!
Sif Muna accepts your kill.
The centaur shoots an arrow.
The arrow hits you.
Found an escape hatch in the ceiling.
You see here an arrow.
The centaur shoots an arrow.
The arrow hits you!
* * * LOW HITPOINT WARNING * * *
You see here an arrow.
The centaur looks even sicker.
Your toxic aura wanes.
The centaur shoots an arrow.
The arrow hits you!
You die...

#(######...#
##.##..c.(###
##.#)#.###...# #.###(.#
###.# ##.#c#.# #.[.
######.(#.# #.###
g...Z.(...# #.#
.#####.Z#######.######..
######.gZc?.((((@....<..
..c...(c#######.........
######### ##.#####.. #
#.c. .. ##.(#
#.#####.###(....#
#....c...<.#
#######.#..# # #..# #.#.


You could see 2 centaurs.

Vanquished Creatures
  A hippogriff (D:4)
  3 sky beasts
  3 ogres
  A centaur (D:7)
  A bullfrog (D:5)
  2 scorpions
  A crimson imp (D:5)
  A quasit (D:6)
  4 orc priests
  3 orc wizards
  A centaur skeleton (D:6)
  An iguana (D:4)
  Natasha (thrice) (D:2 D:1)
  Terence (D:2)
  4 worker ants
  Robin (D:2)
  A howler monkey skeleton (D:4)
  7 adders
  A shadow imp (D:7)
  2 oozes
  An adder skeleton (D:4)
  7 worms
  A dart slug (D:1)
  3 leopard geckos (D:4)
  14 orcs
  5 bats
  2 giant cockroaches
  15 goblins
  7 hobgoblins (D:2)
  12 jackals
  6 quokkas
  3 ball pythons
  9 frilled lizards
  10 kobolds
  A quokka skeleton (D:6)
  5 rats
143 creatures vanquished.

Notes
Turn   | Place    | Note
-------+----------+-------------------------------------------
     0 | D:1      | Destapler the Spriggan Venom Mage began the quest for the
                  | Orb.
     0 | D:1      | Reached XP level 1. HP: 9/9 MP: 5/5
    84 | D:1      | Reached skill level 1 in Conjurations
   224 | D:1      | Reached XP level 2. HP: 9/13 MP: 6/6
  1210 | D:2      | Noticed Natasha
  1258 | D:2      | Reached XP level 3. HP: 17/17 MP: 8/8
  1508 | D:2      | Killed Natasha
  1508 | D:2      | Reached skill level 1 in Fighting
  1508 | D:2      | Reached XP level 4. HP: 17/22 MP: 2/9
  1583 | D:2      | Noticed Terence
  1608 | D:2      | Killed Terence
  1901 | D:2      | Noticed Robin
  2093 | D:2      | Killed Robin
  2127 | D:2      | Noticed Natasha
  2408 | D:1      | Killed Natasha
  2408 | D:1      | Reached XP level 5. HP: 20/26 MP: 9/11
  3148 | D:1      | Noticed Natasha
  3170 | D:1      | Killed Natasha
  4368 | D:3      | Reached XP level 6. HP: 32/32 MP: 7/13
  4803 | D:4      | Reached skill level 5 in Stealth
  5137 | D:4      | Noticed a hippogriff
  5176 | D:4      | Killed a hippogriff
  5176 | D:4      | Reached XP level 7. HP: 36/36 MP: 6/14
  5328 | D:4      | Reached skill level 5 in Spellcasting
  5328 | D:4      | Reached skill level 5 in Poison Magic
  5540 | D:4      | Reached skill level 1 in Short Blades
  6289 | D:5      | Entered Level 5 of the Dungeon
  6360 | D:5      | Learned a level 3 spell: Mephitic Cloud
  6365 | D:5      | Learned a level 4 spell: Olgreb's Toxic Radiance
  6432 | D:5      | Reached skill level 1 in Evocations
  6432 | D:5      | Reached XP level 8. HP: 42/42 MP: 17/17
  6879 | D:5      | Found an ornate altar of the Wu Jian Council.
  7107 | D:5      | Reached skill level 1 in Air Magic
  7250 | D:5      | Found an ornate altar of the Wu Jian Council.
  7668 | D:6      | Found a staircase to the Ecumenical Temple.
  7704 | D:6      | Found a basalt altar of Yredelemnul.
  7921 | Temple   | Entered the Ecumenical Temple
  8245 | Temple   | Became a worshipper of Sif Muna the Loreminder
  9250 | D:7      | Shot with an arrow by a centaur

Skill      XL: |  1  2  3  4  5  6  7  8 |
---------------+-------------------------+-----
Conjurations   | 1 2 |  2.0
Fighting       | 1 2 3 4 |  4.0
Spellcasting   | 3 4 5 6 |  6.3
Stealth        | 4 5 6 |  6.9
Poison Magic   | 4 5 |  5.3
Short Blades   | 1 3 |  3.0
Evocations     | 1 4 |  4.2
Air Magic      | 1 |  1.9
Dodging        | 4 |  4.6

Action                   |  1- 3 |  4- 6 |  7- 9 || total
-------------------------+-------+-------+-------++-------
Melee: Short sword       |    32 |    68 |   226 ||   326
       Unarmed           |     1 |       |       ||     1
       Dagger            |       |       |    11 ||    11
Throw: Stone             |     1 |    28 |     3 ||    32
 Cast: Sting             |    34 |   133 |    83 ||   250
       Olgreb's Toxic Ra |       |       |     2 ||     2
  Use: Scroll            |       |     5 |     2 ||     7
       Potion            |       |       |     1 ||     1
 Stab: Sleeping          |    11 |     8 |    11 ||    30
  Eat: Ration            |       |       |     2 ||     2
Armor: Robe              |       |    11 |    60 ||    71
Dodge: Dodged            |    34 |    54 |   252 ||   340
